 Dungeon Crawl Stone Soup version 0.28.0-1-gb440e238dd (webtiles) character file.

Game seed: 770578865450076112

7389 pkoi the Destroyer (level 10, -4/69 HPs)
             Began as a Purple Draconian Conjurer on Feb 24, 2022.
             Was a Priest of Sif Muna.
             Slain by a two-headed ogre (15 damage)
             ... on level 11 of the Dungeon.
             The game lasted 00:20:31 (19136 turns).

pkoi the Destroyer (Purple Draconian Conjurer)     Turns: 19136, Time: 00:20:31

Health: -4/69      AC: 13    Str: 10    XL:     10   Next: 92%
Magic:  0/37       EV: 12    Int: 22    God:    Sif Muna [***...]
Gold:   349        SH:  0    Dex: 10    Spells: 0/21 levels left

rFire   . . .      SeeInvis .   s - +3 dagger (venom)
rCold   . . .      Faith    +   (no shield)
rNeg    . . .      Spirit   .   (armour unavailable)
rPois   .          Reflect  .   (helmet restricted)
rElec   .          Harm     .   d - +0 cloak
rCorr   .          Rampage  .   c - +1 pair of gloves
Will    +....                   E - +2 pair of boots
Stlth   ++........              o - amulet of faith
HPRegen 0.21/turn               i - ring of magical power
MPRegen 0.25/turn               r - ring of magical power

@: no status effects
A: breathe power, AC +7, unfitting armour, cold-blooded
a: Breathe Dispelling Energy, Renounce Religion, Channel Magic, Forget Spell


You were on level 11 of the Dungeon.
You worshipped Sif Muna.
Sif Muna was most pleased with you.
You visited 2 branches of the dungeon, and saw 12 of its levels.

You collected 349 gold pieces.

Inventory:

Hand Weapons
 s - a +3 dagger of venom (weapon)
 t - a +4 mace
Missiles
 e - 12 poisoned darts
 u - a throwing net
Armour
 c - a +1 pair of gloves (worn)
 d - a +0 cloak (worn)
 E - a +2 pair of boots (worn)
Jewellery
 b - an amulet of reflection
 i - a ring of magical power (left hand)
 k - a ring of positive energy
 l - a ring of wizardry
 o - an amulet of faith (around neck)
 r - a ring of magical power (right hand)
 y - a ring of willpower
 A - a +4 ring of protection
Wands
 x - a wand of iceblast (3)
Scrolls
 f - 4 scrolls of blinking
 g - 5 scrolls of fear
 h - 2 scrolls of magic mapping
 q - 3 scrolls of fog
 v - 11 scrolls of teleportation
 w - a scroll of identify
 C - a scroll of enchant weapon
Potions
 a - a potion of might
 j - a potion of cancellation
 m - 2 potions of flight
 n - a potion of invisibility
 z - 2 potions of curing
 B - a potion of berserk rage
 D - a potion of brilliance


   Skills:
 - Level 1.7 Dodging
 - Level 1.7 Stealth
 - Level 6.0 Spellcasting
 + Level 12.4 Conjurations
 - Level 4.0 Hexes
 - Level 6.0 Translocations
 - Level 9.0 Invocations


You couldn't memorise any spells.
You knew the following spells:

 Your Spells              Type           Power      Damage    Failure   Level
a - Magic Dart            Conj           100%       1d8       1%          1
b - Searing Ray           Conj           100%       2d8       1%          2
c - Iskenderun's Mystic   Conj/Tloc      47%        2d10      1%          4
d - Dazzling Flash        Conj/Hex       84%        N/A       1%          3
e - Orb of Destruction    Conj           28%        9d9       43%         7
f - Fulminant Prism       Conj/Hex       21%        3d13      3%          4

Your spell library contained the following spells:

 Spells                   Type           Power      Damage    Failure   Level
 Portal Projectile        Hex/Tloc       56%        N/A       3%          3
 Sting                    Tmut/Pois      24%        1d4       9%          1
 Summon Guardian Golem    Hex/Summ       15%        N/A       12%         3
 Poisonous Vapours        Pois/Air       12%        N/A       14%         2
 Olgreb's Toxic Radiance  Pois           6%         N/A       65%         4
 Blade Hands              Tmut           3%         N/A       94%         5
 Excruciating Wounds      Necr           3%         N/A       94%         5
 Spellforged Servitor     Conj/Summ      17%        N/A       99%         7


Dungeon Overview and Level Annotations

Branches:
Dungeon (10/15)            Temple (1/1) D:5             Orc (0/2) D:11
   Lair: D:8-11

Altars:
Ashenzari
Cheibriados
Dithmenos
Elyvilon
Fedhas
Gozag
Hepliaklqana
Kikubaaqudgha
Makhleb
Nemelex Xobeh
Okawaru
Qazlal
Ru
Sif Muna
Trog
Uskayaw
Vehumet
Wu Jian
Xom
Yredelemnul
Zin
The Shining One

Shops:
D:7 =:

Annotations:
D:3 1 runed translucent door, Crazy Yiuf
D:9 exclusion: ice statue, Maggie


Innate Abilities, Weirdness & Mutations

You can breathe bolts of dispelling energy.
Your rich purple scales are hard. (AC +7)
You cannot fit into any form of body armour.
You are cold-blooded and may be slowed by cold attacks.


Message History

You kill the orc!
Sif Muna accepts your kill.
The mystic blast hits the two-headed ogre!
The two-headed ogre is moderately wounded.
The two-headed ogre is knocked back by the mystic blast.
You hear a shout!
Casting: Iskenderun's Mystic Blast (dangerous; 1% risk of failure)
Confirm with . or Enter, or press ? or * to list all spells.
You erupt in a blast of force!
The mystic blast hits the two-headed ogre!
The two-headed ogre is heavily wounded.
The two-headed ogre is knocked back by the mystic blast.
Unknown command.
Casting: Iskenderun's Mystic Blast (dangerous; 1% risk of failure)
Confirm with . or Enter, or press ? or * to list all spells.
You erupt in a blast of force!
The mystic blast hits the two-headed ogre!
The two-headed ogre is heavily wounded.
The two-headed ogre is knocked back by the mystic blast.
The two-headed ogre collides with the orc!
The two-headed ogre is severely wounded.
An orc comes into view. It is wielding a +0 dagger.
There is an escape hatch in the ceiling here.
Casting: Iskenderun's Mystic Blast (dangerous; 1% risk of failure)
Confirm with . or Enter, or press ? or * to list all spells.
You erupt in a blast of force!
The mystic blast hits the two-headed ogre!
The two-headed ogre is severely wounded.
The two-headed ogre is knocked back by the mystic blast.
The two-headed ogre collides with the orc!
The orc is severely wounded.
The two-headed ogre is almost dead.
You hear a shout!
Aiming: Breathe Dispelling Energy (3% risk of failure)
Press: ? - help, Shift-Dir - straight line, f - two-headed ogre
Aim: a two-headed ogre, wielding two +0 giant clubs (almost dead, 78% to hit)
You fail to use your ability.
Unknown command.
The two-headed ogre hits you with a +0 giant club!
You die...

######+#####
##.##### #.#
#.##### ##.#
#.....# #..#
#####.# #.##
#.) #.#
########'
#.#
#........
#.#
#........
#@#
#........
#O#
#........
#.#
#........
#o#
#...=....
#o#
#........
#.#
######'##
#o#***## #.#
###o##...#
#.#
#......#,***
*###*


You could see a two-headed ogre and 4 orcs.

Vanquished Creatures
  2 two-headed ogres
  A hydra (D:11)
  An ice statue (D:9)
  A troll (D:9)
  A wraith (D:9)
  A wyvern (D:9)
  5 yaks (D:8)
  5 humans (D:8)
  Eustachio (D:4)
  Edmund (D:6)
  3 orc warriors
  A hornet zombie (D:7)
  2 ice beasts
  A necrophage (D:5)
  A black bear (D:6)
  A centaur (D:9)
  A bullfrog (D:8)
  2 gnoll sergeants
  2 scorpions
  15 killer bees (D:9)
  6 howler monkeys
  2 centaur zombies
  4 hounds
  2 jellies (D:5)
  A bullfrog skeleton (D:5)
  8 orc priests
  2 gnoll shamans
  An iguana (D:6)
  7 orc wizards
  20 gnolls
  3 adders
  A white imp (D:8)
  2 ufetubi (D:5)
  A worm (D:3)
  2 dart slugs
  41 orcs
  4 bats
  13 endoplasms
  4 giant cockroaches
  5 goblins
  3 hobgoblins
  6 kobolds
  8 quokkas
  3 ball pythons
  2 frilled lizards
  A rat (D:2)
200 creatures vanquished.

Vanquished Creatures (others)
  An orc wizard (D:3)
  14 fulminant prisms (D:9)
  12 plants (D:6)
27 creatures vanquished.

Grand Total: 227 creatures vanquished

Notes
Turn   | Place    | Note
-------+----------+-------------------------------------------
     0 | D:1      | pkoi the Draconian Conjurer began the quest for the Orb.
     0 | D:1      | Reached XP level 1. HP: 14/14 MP: 3/3
   586 | D:1      | Reached XP level 2. HP: 20/20 MP: 1/5
   738 | D:1      | Found a faded altar of an unknown god.
  1766 | D:2      | Reached skill level 5 in Conjurations
  1820 | D:2      | Reached XP level 3. HP: 26/26 MP: 3/6
  2354 | D:3      | Found a runed translucent door.
  2355 | D:3      | Noticed Crazy Yiuf
  3014 | D:3      | Learned a level 2 spell: Searing Ray
  3299 | D:3      | Reached XP level 4. HP: 33/33 MP: 1/7
  3615 | D:3      | Found a shimmering blue altar of Sif Muna.
  3615 | D:3      | Found a broken altar of Ashenzari.
  3615 | D:3      | Found a glowing silver altar of Zin.
  3622 | D:3      | Became a worshipper of Sif Muna the Loreminder
  4276 | D:4      | Noticed a scorpion
  4281 | D:4      | Killed a scorpion
  4282 | D:4      | Reached skill level 6 in Conjurations
  4282 | D:4      | Reached skill level 1 in Invocations
  4628 | D:4      | Reached XP level 5. HP: 38/38 MP: 6/8
  5300 | D:4      | Reached XP level 6. HP: 39/45 MP: 3/9
  5520 | D:4      | Reached * piety under Sif Muna
  6032 | D:4      | Learned a level 4 spell: Iskenderun's Mystic Blast
  6400 | D:4      | Noticed Eustachio
  6437 | D:4      | Killed Eustachio
  6438 | D:4      | Reached skill level 7 in Conjurations
  6438 | D:4      | Reached skill level 1 in Translocations
  6438 | D:4      | Your scales start taking on a rich purple colour.
  6438 | D:4      | Reached XP level 7. HP: 32/50 MP: 3/11
  6567 | D:4      | Learned a level 3 spell: Dazzling Flash
  6992 | D:5      | Entered Level 5 of the Dungeon
  7282 | D:5      | Reached skill level 1 in Hexes
  8508 | D:5      | Found a staircase to the Ecumenical Temple.
  8519 | Temple   | Entered the Ecumenical Temple
  9245 | D:5      | Reached skill level 5 in Invocations
  9245 | D:5      | Reached XP level 8. HP: 52/57 MP: 8/14
  9527 | D:5      | Reached ** piety under Sif Muna
  9864 | D:6      | Noticed Edmund
  9880 | D:6      | Killed Edmund
 11991 | D:7      | Found Lutep's Jewellery Shoppe.
 12454 | D:7      | Reached skill level 5 in Spellcasting
 12454 | D:7      | Reached skill level 8 in Conjurations
 12733 | D:7      | Found Mahukk's Book Shoppe.
 13344 | D:7      | Reached XP level 9. HP: 16/62 MP: 11/17
 13681 | D:7      | Learned a level 7 spell: Orb of Destruction
 15058 | D:8      | Reached skill level 5 in Translocations
 15078 | D:8      | Reached skill level 9 in Conjurations
 15504 | D:8      | Noticed a two-headed ogre
 16223 | D:8      | Reached *** piety under Sif Muna
 16269 | D:8      | Reached XP level 10. HP: 30/69 MP: 17/19
 16609 | D:8      | Killed a two-headed ogre
 17010 | D:9      | Reached skill level 10 in Conjurations
 17308 | D:9      | Noticed Maggie
 17322 | D:9      | Noticed an ice statue
 17384 | D:9      | Learned a level 4 spell: Fulminant Prism
 17639 | D:9      | Noticed an ice statue
 18117 | D:9      | Reached skill level 11 in Conjurations
 18452 | D:9      | Killed an ice statue
 18642 | D:10     | Entered Level 10 of the Dungeon
 18642 | D:10     | Noticed a death yak
 18642 | D:10     | Noticed a death yak
 18852 | D:10     | Noticed a gargoyle
 18852 | D:10     | You fall into a shaft and drop 1 floor!
 18852 | D:11     | Noticed a manticore
 18986 | D:11     | Noticed a deep elf pyromancer
 19026 | D:11     | Noticed a two-headed ogre
 19035 | D:11     | Killed a two-headed ogre
 19036 | D:11     | Reached skill level 12 in Conjurations
 19062 | D:11     | Noticed a six-headed hydra
 19074 | D:11     | Killed a six-headed hydra
 19119 | D:11     | Noticed a two-headed ogre
 19136 | D:11     | Slain by a two-headed ogre

Illustrated notes

Levels and vault maps discovered:
D:1:      minmay_arrival_diagonal_passages, layout_basic,
          ebering_ecumenical_altar_webs, minmay_tripent
D:2:      layout_loops_ring
D:3:      wad_pebble_path, layout_loops_ring, gammafunk_temple_overflow_claw,
          grunt_ministairs_7, minmay_pentangle, uniq_crazy_yiuf_cottage
D:4:      layout_basic, uniq_eustachio
D:5:      layout_basic, minmay_temple_entry_overgrown
D:6:      layout_basic, wad_woods_river_04, st_stairs_3, uniq_edmund
D:7:      layout_layer_cave, serial_shops, nicolae_shop_advertising_works
          [nicolae_subvault_shop_adworks], nicolae_stop_n_shop_2
D:8:      layout_cave_pods, minmay_ruffians
D:9:      lemuel_ice_statue, layout_long_grid, minivault_15, minmay_liquid_box,
          uniq_maggie
D:10:     layout_roguey, dpeg_lair_monsters, uniq_fannar
D:11:     layout_roguey, hiddenorc2_lemuel, gauntlet_entry_generic,
          gammafunk_ghost_split, nicolae_kikubaaqudgha_miasma_corner
Temple:   mainiacjoe_temple_bowtie_tessellation

Skill      XL: |  1  2  3  4  5  6  7  8  9 10 |
---------------+-------------------------------+-----
Conjurations   | 5 6 7 8 9 12 | 12.4
Invocations    | 1 3 4 5 6 8 9 |  9.0
Translocations | 1 2 4 6 |  6.0
Spellcasting   | 3 4 5 6 |  6.0
Hexes          | 2 4 |  4.0
Dodging        | |  1.7
Stealth        | |  1.7

Action                   |  1- 3 |  4- 6 |  7- 9 | 10-12 || total
-------------------------+-------+-------+-------+-------++-------
Melee: Unarmed           |     5 |       |       |       ||     5
       Tailslap          |     4 |     3 |    23 |     1 ||    31
       Dagger            |    22 |     4 |    25 |     7 ||    58
       Mace              |       |    29 |    60 |       ||    89
       Punch             |       |       |     2 |       ||     2
 Cast: Magic Dart        |    94 |    40 |   132 |    12 ||   278
       Searing Ray       |       |    11 |    55 |    20 ||    86
       Iskenderun's Myst |       |       |     4 |    19 ||    23
       Fulminant Prism   |       |       |       |    14 ||    14
  Use: Scroll            |     8 |     1 |     4 |     3 ||    16
       Potion            |       |     5 |     1 |       ||     6
 Stab: Sleeping          |       |       |       |     1 ||     1
Armor: Skin              |     9 |    46 |    38 |    26 ||   119
Dodge: Dodged            |    22 |    47 |    75 |    53 ||   197
